 Dungeon Crawl Stone Soup version 0.31.0-1-g2c135a0 (webtiles) character file.

Game seed: 3076733914194678157

618878 JaredAshtonScott the Imperceptible (level 26, 0/185 HPs)
             Began as a Vampire Warper on Apr 13, 2024.
             Was the Champion of Hepliaklqana.
             Incinerated by a smoke demon (4 damage)
             ... with a pyre arrow
             ... in Pandemonium on Apr 14, 2024.
             The game lasted 03:12:46 (105076 turns).

JaredAshtonScott the Imperceptible (VpWr)         Turns: 105076, Time: 03:12:47

Health: 0/185      AC: 23    Str: 11 (12) XL:     26   Next: 97%
Magic:  8/37       EV: 26    Int: 19 (23) God:    Hepliaklqana [******]
Gold:   6022       SH:  0    Dex: 21 (26) Spells: 27/45 levels left

rFire   . . .        g - +5 triple sword of the Usurping Viper {vamp, *Noise rElec rF+ rN++}
rCold   + + +        (shield currently unavailable)
rNeg    + + .        h - +5 swamp dragon scales
rPois   +            r - +3 crown of Dyrovepreva {rElec Int+2 SInv}
rElec   +            E - scarf {repulsion}
rCorr   +            Z - +1 pair of gloves of Time Monsters {rC++ Int+5}
SInv    +            w - +2 pair of slick slippers {slick, slippery, EV+4}
Will    +++..        P - amulet of magic regeneration
Stlth   ++++         d - ring of Liklemor {Will+ Dex+5}
HPRegen 0.70/turn    e - ring of resist corrosion
MPRegen 0.65/turn

%: repel missiles
@: on fire, about to teleport, healing quickly, glowing
A: reduced essence, alive, fangs 3, see invisible, vampiric 2, horns 1, cold
resistance 1, deterioration 1, dopey 1, heat vulnerability 1, persistent drain
}: 3/15 runes: serpentine, barnacled, silver
a: Exsanguinate, Renounce Religion, Recall Ancestor, Ancestor Identity,
Transference, Idealise


You were in Pandemonium.
You worshipped Hepliaklqana.
Hepliaklqana was exalted by your worship.
You visited 11 branches of the dungeon, and saw 53 of its levels.
You visited Pandemonium 1 time, and saw 5 of its levels.
You visited 1 bazaar.
You also visited: Bailey.

You collected 7282 gold pieces.
You spent 1260 gold pieces at shops.

Inventory:

Hand Weapons
 g - the +5 triple sword of the Usurping Viper (weapon) {vamp, *Noise rElec rF+ rN++}
   (You acquired it on level 11 of the Dungeon)

   rF+:       It protects you from fire.
   rElec:     It insulates you from electricity.
   rN++:      It greatly protects you from negative energy.
   *Noise:    It may make a loud noise when swung.
 u - a +4 double sword of holy wrath
 C - the +8 storm bow {elec, penet}
   (You found it on level 3 of the Elven Halls)
 G - a +0 spectral demon blade
 H - a +3 scimitar of flaming
 T - a +3 great sword
Missiles
 S - 6 poisoned darts
Armour
 h - +5 swamp dragon scales (worn)
 k - a +0 kite shield of protection
 l - the +8 chain mail "Ufydodd" {rElec Str+2}
   (You bought it in a shop in a bazaar)

   Str+2:     It affects your strength (+2).
   rElec:     It insulates you from electricity.
 n - +0 fire dragon scales
 r - the +3 crown of Dyrovepreva (worn) {rElec Int+2 SInv}
   (You found it on level 5 of the Lair of Beasts)

   Int+2:     It affects your intelligence (+2).
   rElec:     It insulates you from electricity.
   SInv:      It lets you see invisible.
 w - the +2 pair of slick slippers (worn) {slick, slippery, EV+4}
   (You found it on level 11 of the Dungeon)

   Slick:     Its wearer cannot be constricted, engulfed, netted or webbed.
   Slippery:  Its wearer slips away from damaging melee attacks, pulling the
   attacker onward.
   EV+4:      It affects your evasion (+4).
 E - a scarf of repulsion (worn)
 F - the +6 chain mail of the Unseen Realm {rF+ SInv}
   (You found it on level 3 of the Realm of Zot)

   rF+:       It protects you from fire.
   SInv:      It lets you see invisible.
 N - a +2 kite shield of resistance
 Z - the +1 pair of gloves of Time Monsters (worn) {rC++ Int+5}
   (You found it on level 2 of the Lair of Beasts)

   Int+5:     It affects your intelligence (+5).
   rC++:      It greatly protects you from cold.
Jewellery
 d - the ring of Liklemor (left hand) {Will+ Dex+5}
   (You found it on level 4 of the Lair of Beasts)

   [ring of willpower]

   Dex+5:     It affects your dexterity (+5).
   Will+:     It increases your willpower.
 e - a ring of resist corrosion (right hand)
 j - the ring of Koz Paed {rElec rPois rC+ Int+6}
   (You took it off a deep elf archer on level 3 of the Elven Halls)

   [ring of intelligence]

   Int+6:     It affects your intelligence (+6).
   rC+:       It protects you from cold.
   rElec:     It insulates you from electricity.
   rPois:     It protects you from poison
 B - an amulet of reflection
 M - a ring of flight
 P - an amulet of magic regeneration (around neck)
Wands
 a - a wand of digging (22)
 o - a wand of flame (4)
 A - a wand of quicksilver (2)
 L - a wand of mindburst (5)
Scrolls
 b - 8 scrolls of silence
 c - a scroll of blinking
 f - 8 scrolls of teleportation
 i - 5 scrolls of revelation
 q - a scroll of vulnerability
 x - 11 scrolls of fog
 y - 11 scrolls of amnesia
 D - 8 scrolls of enchant weapon
 K - a scroll of poison
 Q - 12 scrolls of fear
 R - 3 scrolls of enchant armour
 Y - 2 scrolls of brand weapon
Potions
 m - 10 potions of curing
 p - 8 potions of might
 s - a potion of resistance
 t - 10 potions of brilliance
 v - 9 potions of mutation
 z - 4 potions of ambrosia
 I - 3 potions of cancellation
 J - 7 potions of haste
 O - a potion of berserk rage
 V - 3 potions of magic
 X - 7 potions of enlightenment


   Skills:
 + Level 16.5 Fighting
 - Level 22.0 Long Blades
 - Level 0.7 Throwing
 + Level 12.9 Armour
 + Level 18.3 Dodging
 + Level 24.4 Stealth
 - Level 2.6 Shields
 - Level 10.0 Spellcasting
 - Level 15.8 Translocations
 + Level 13.5 Invocations
 - Level 23.0 Shapeshifting


You had 27 spell levels left.
You knew the following spells:

 Your Spells              Type           Power      Damage    Failure   Level
a - Apportation           Tloc           100%       N/A       1%          1
b - Blink                 Tloc           100%       N/A       1%          2
c - Teleport Other        Tloc           62%        N/A       1%          3
d - Manifold Assault      Tloc           62%        N/A       1%          4
e - Disjunction           Tloc           31%        N/A       80%         8

Your spell library contained the following spells:

 Spells                   Type           Power      Damage    Failure   Level
 Lesser Beckoning         Tloc           100%       N/A       1%          2
 Volatile Blastmotes      Fire/Tloc      78%        2d16      1%          3
 Dispersal                Tloc           31%        N/A       3%          6
 Dimensional Bullseye     Hex/Tloc       19%        N/A       5%          4
 Iskenderun's Mystic Bla  Conj/Tloc      39%        2d9       5%          4
 Vhi's Electric Charge    Tloc/Air       78%        N/A       5%          4
 Foxfire                  Conj/Fire      36%        2x1d5     14%         1
 Freeze                   Ice            36%        1d5       14%         1
 Magic Dart               Conj           36%        1d4       14%         1
 Necrotise                Necr           36%        1d5       14%         1
 Sandblast                Erth           18%        2d7       14%         1
 Shock                    Conj/Air       36%        1d5       14%         1
 Sting                    Conj/Alch      36%        1d5       14%         1
 Summon Small Mammal      Summ           36%        N/A       14%         1
 Summon Forest            Summ/Tloc      19%        N/A       14%         5
 Call Imp                 Summ           18%        N/A       21%         2
 Mercury Vapours          Alch/Air       18%        N/A       21%         2
 Static Discharge         Conj/Air       18%        3-4/arc   21%         2
 Call Canine Familiar     Summ           9%         N/A       38%         3
 Dazzling Flash           Conj/Hex       18%        N/A       38%         3
 Frozen Ramparts          Ice            18%        1d3       38%         3
 Hailstorm                Conj/Ice       9%         3d6       38%         3
 Inner Flame              Hex/Fire       9%         N/A       38%         3
 Mephitic Cloud           Conj/Alch/Air  9%         N/A       38%         3
 Passwall                 Erth           9%         N/A       38%         3
 Sigil of Binding         Hex            9%         N/A       38%         3
 Stone Arrow              Conj/Erth      18%        3d8       38%         3
 Summon Ice Beast         Ice/Summ       9%         N/A       38%         3
 Swiftness                Air            9%         N/A       38%         3
 Vampiric Draining        Necr           9%         2d6       38%         3
 Airstrike                Air            4%         2d(1-17)  80%         4
 Animate Armour           Summ/Erth      18%        N/A       80%         4
 Cause Fear               Hex            4%         N/A       80%         4
 Flame Wave               Conj/Fire      9%         2d6       80%         4
 Fulminant Prism          Conj/Alch      4%         3d5       80%         4
 Martyr's Knell           Necr/Summ      9%         N/A       80%         4
 Olgreb's Toxic Radiance  Alch           9%         N/A       80%         4
 Sticky Flame             Fire/Alch      9%         2d5       80%         4
 Summon Blazeheart Golem  Fire/Summ      9%         N/A       80%         4
 Summon Lightning Spire   Summ/Air       9%         N/A       80%         4
 Alistair's Intoxication  Alch           6%         N/A       98%         5
 Arcjolt                  Conj/Air       4%         1d14      98%         5
 Borgnjor's Vile Clutch   Necr/Erth      4%         N/A       98%         5
 Curse of Agony           Necr           9%         N/A       98%         5
 Fireball                 Conj/Fire      4%         3d4       98%         5
 Freezing Cloud           Conj/Ice/Air   4%         6-21      98%         5
 Lee's Rapid Deconstruct  Erth           4%         3d5*      98%         5
 Silence                  Hex/Air        4%         N/A       98%         5
 Summon Mana Viper        Hex/Summ       9%         N/A       98%         5
 Bombard                  Conj/Erth      4%         9d2       100%        6
 Conjure Ball Lightning   Conj/Air       4%         3x3d6     100%        6
 Eringya's Noxious Bog    Alch           4%         4d6       100%        6
 Plasma Beam              Fire/Air       4%         2x1d14    100%        6
 Sculpt Simulacrum        Ice/Alch       4%         N/A       100%        6
 Starburst                Conj/Fire      4%         6d4       100%        6
 Summon Cactus Giant      Summ           4%         N/A       100%        6
 Haunt                    Necr/Summ      4%         N/A       100%        7
 Orb of Destruction       Conj           4%         9d5       100%        7
 Ozocubu's Refrigeration  Ice            4%         4d8       100%        7
 Spellforged Servitor     Conj/Summ      4%         N/A       100%        7
 Summon Hydra             Summ           4%         N/A       100%        7
 Discord                  Hex            4%         N/A       100%        8
 Lehudib's Crystal Spear  Conj/Erth      4%         10d3      100%        8
 Maxwell's Capacitive Co  Air            4%         ∞         100%        8
 Chain Lightning          Conj/Air       4%         3d6       100%        9
 Dragon's Call            Summ           4%         N/A       100%        9
 Fire Storm               Conj/Fire      4%         8d1       100%        9
 Polar Vortex             Ice            4%         N/A       100%        9
 Shatter                  Erth           4%         3d8*      100%        9
 Borgnjor's Revivificati  Necr           Unusable   N/A       N/A         8
 Death's Door             Necr           Unusable   N/A       N/A         9

Dungeon Overview and Level Annotations

Branches:
Dungeon (15/15)            Temple (1/1) D:5            Lair (5/5) D:8
 Shoals (4/4) Lair:3        Snake (4/4) Lair:3        Slime (5/5) Lair:4
    Orc (2/2) D:11            Elf (3/3) Orc:2        Vaults (5/5) D:14
  Crypt (0/3) Vaults:3     Depths (4/4) D:15            Zot (5/5) Depths:4
 Bailey (visited)

Altars:
Ashenzari
Cheibriados
Dithmenos
Fedhas
Gozag
Hepliaklqana
Kikubaaqudgha
Makhleb
Nemelex Xobeh
Okawaru
Qazlal
Ru
Sif Muna
Trog
Uskayaw
Vehumet
Wu Jian
Xom
Yredelemnul
Jiyva

Shops:
D:11 ([*   Orc:2 (?:[   Shoals:2 *   Vaults:2 !   Vaults:4 !   Vaults:5 *
Depths:1 *:   Depths:4 *

Portals:
Hell: Depths:1 Depths:2 Depths:3 Depths:4
Abyss: Depths:2 Depths:3 Depths:4
Pandemonium: Depths:2 Depths:4
Ziggurat: Depths:4
Trove: Elf:2 (show slimy rune of Zot)

Annotations:
Lair:5 3 runed translucent doors, login18's ghost, journeyman TrMo
Slime:5 Royal Jelly
Depths:3 Parghit
Zot:1 3 transporters, exclusion: obsidian statue


Innate Abilities, Weirdness & Mutations

Your life essence is reduced to manifest your ancestor. (-10% HP)
Your natural rate of healing is accelerated.
You have razor-sharp teeth.
You have supernaturally acute eyesight. (SInv)
You are afflicted with vampirism and can become a bat while bloodless.
You have a pair of small horns on your head.
Your flesh is cold resistant. (rC+)
Your body sometimes deteriorates upon taking damage.
You are dopey. (Int -2)
You are vulnerable to heat. (rF-)
Your health recovers twice as slowly from being drained.


Message History

The hellwing misses you. The hellwing completely misses you.
You feel your dexterity returning.
Unknown command.
The blizzard demon completely misses you.
The blizzard demon misses you. The smoke demon gestures at you.
The pyre arrow hits you.
You are covered in intense liquid fire!
You shake off some of the fire as you move.
The liquid fire burns you!
* * * LOW HITPOINT WARNING * * *
The blizzard demon gestures at you. The bolt of cold misses you.
The smoke demon gestures at you. The pyre arrow misses you.
A shadow demon comes into view.
You feel better. The liquid fire burns you!
* * * LOW HITPOINT WARNING * * *
The smoke demon completely misses you. The smoke demon closely misses you.
The smoke demon hits you but does no damage.
The hellwing closely misses you. x2
You feel better. The liquid fire burns you!
* * * LOW HITPOINT WARNING * * *
A hellwing comes into view.
The blizzard demon waves its arms in wide circles.
The air twists around and strikes you!
* * * LOW HITPOINT WARNING * * *
The smoke demon barely misses you. The smoke demon completely misses you.
The smoke demon misses you.
Blink to where?
Press: ? - help, Dir - move target
As you read the scroll of blinking, it crumbles to dust.
The liquid fire burns you!
* * * LOW HITPOINT WARNING * * *
As you read the scroll of teleportation, it crumbles to dust.
You feel strangely unstable. The liquid fire burns you!
You die...

... #.# #.# ##.#######
#.........
##.###.........
####.............. .
... #.@....... .. ...
##)....... #. #.#
#......... #. #.#
#2######## .###.###.##
#4'3.5315
..........#####2######.
..............§3...#
.........2####....##
..........# ##..##


You could see a cacodemon, a blizzard demon, a hellwing and a smoke demon.

Vanquished Creatures
  A dread lich (Vaults:5)
  An ancient lich (Zot:5)
  4 orbs of fire
  Xtahua (Vaults:4)
  Sojobo (Depths:3)
  Vv (Depths:3)
  3 Killer Klowns
  Vashnia (Snake:4)
  A caustic shrike (Depths:3)
  9 golden dragons
  Nikola (Shoals:1)
  The ghost of theMacoje the Slayer, an adept OnEn of Okawaru (Vaults:4)
  Jory (Depths:3)
  An electric golem (Zot:5)
  Rupert (D:12)
  A doom hound (Depths:4)
  18 Orb Guardians (Zot:5)
  Jorgrun (Shoals:2)
  Mlioglotl (Shoals:1)
  2 deep elf blademasters (Elf:3)
  15 tentacled monstrosities
  5 liches
  Grunn (Depths:4)
  A walking crystal tome (Depths:3)
  8 titans
  6 quicksilver dragons
  2 deep elf master archers (Elf:3)
  Asterion (Vaults:2)
  5 sphinxes
  8 death cobs
  A kraken (Shoals:4)
  21 acid blobs
  2 Executioners (Pan)
  Agnes (Snake:3)
  8 tengu reavers
  Gastronok (D:10)
  5 shadow dragons
  The ghost of finalsalamander the Severer, an adept HOMo of Beogh (Shoals:2)
  The ghost of Radamante the Severer, an adept MiFi of Cheibriados (Shoals:3)
  3 nagarajas
  14 azure jellies
  6 draconian knights
  4 fire giants
  10 storm dragons
  4 draconian monks
  21 rockslimes
  18 vault wardens
  3 draconian shifters
  2 demonspawn warmongers (Pan)
  5 deep elf sorcerers
  2 iron dragons
  5 frost giants
  2 balrugs (Pan)
  4 draconian scorchers
  A ghost moth (Zot:2)
  2 orc warlords
  6 formless jellyfish
  2 draconian stormcallers
  2 draconian annihilators
  2 reapers (Pan)
  2 ironbound thunderhulks
  A demonspawn corrupter (Pan)
  13 ironbound preservers
  5 vampire knights
  21 quicksilver oozes
  11 very ugly things
  13 stone giants
  8 green draconians
  6 deep elf death magi
  6 deep elf demonologists
  7 deep elf annihilators
  9 dire elephants
  4 lorocyprocas
  13 black draconians
  2 minotaurs (Shoals:4)
  8 yellow draconians
  3 war gargoyles
  15 spark wasps
  11 purple draconians
  5 white draconians
  The ghost of frustrationSimulator the Grappler, a journeyman TrFi of Hepliaklqana (D:11)
  4 red draconians
  2 green deaths (Pan)
  2 entropy weavers (Vaults:2)
  5 fire dragons
  17 yaktaur captains
  14 great orbs of eyes
  3 merfolk impalers
  7 ettins
  The ghost of Dogchiho the Protected, a journeyman MiFi of Okawaru (Lair:2)
  8 ice dragons
  The ghost of strontium90w the Cleaver, a journeyman MiFi of the Shining One (D:9)
  3 salamander tyrants (Snake:4)
  9 deep elf high priests
  34 vault guards
  A merfolk avatar (Shoals:1)
  4 rakshasas
  2 peacekeepers (Vaults:4)
  4 hydras
  9 boulder beetles
  10 anacondas
  3 hell beasts (Pan)
  12 centaur warriors
  13 satyrs
  8 ironbound frosthearts
  2 catoblepae
  2 death knights
  3 merfolk aquamancers
  2 two-headed ogres
  2 deep troll earth magi
  An alligator snapping turtle (Shoals:2)
  A boulder beetle (shapeshifter) (Depths:2)
  A tengu warrior (Depths:4)
  28 dancing weapons
  3 deep troll shamans
  12 death yaks
  2 occultists
  2 vampire magi
  11 naga warriors
  3 orc high priests
  A demonic crawler (Pan)
  16 naga sharpshooters
  5 shock serpents
  6 spriggan berserkers
  8 sun demons
  Sonja (D:11)
  8 skysharks
  4 spriggans
  7 hell knights
  A titan zombie (Depths:1)
  21 deep elf knights
  A soul eater (Depths:2)
  3 salamander mystics
  An iron troll (Depths:4)
  A sea snake (shapeshifter) (Vaults:5)
  10 sea snakes
  2 skeletal warriors
  12 mana vipers
  35 deep trolls
  6 arcanists
  An orb spider (shapeshifter) (Depths:2)
  A flayed ghost (Depths:3)
  6 naga ritualists
  6 glowing orange brains
  An orange crystal statue (Lair:4)
  3 necromancers
  7 orc knights
  22 ironbound convokers
  Pikel (D:5)
  5 lindwurms
  11 deep elf archers
  21 harpies
  31 deep elf zephyrmancers
  7 phantasmal warriors
  A wolf spider (D:9)
  18 moths of wrath
  24 deep elf pyromancers
  2 shining eyes
  37 ugly things
  A wolf spider zombie (D:15)
  17 elephants
  A steelbarb worm (shapeshifter) (Vaults:5)
  7 cyclopes
  5 orc sorcerers
  7 salamanders
  9 meliai
  3 water nymphs
  12 fauns
  3 large abominations (Pan)
  21 naga magi
  A centaur zombie (D:15)
  A guardian serpent (shapeshifter) (D:13)
  3 merfolk sirens
  2 eyes of devastation
  23 manticores
  41 black mambas
  6 kobold blastminers
  2 meliai (shapeshifter)
  The ghost of KillerQueen the Chopper, a novice MiFi of Okawaru (D:6)
  3 guardian serpents
  12 vault sentinels
  5 smoke demons
  17 cane toads
  Maggie (D:6)
  2 rime drakes
  2 gargoyles
  An orange demon (Pan)
  A centaur skeleton (D:15)
  4 efreet
  A tormentor (Pan)
  6 komodo dragons
  An unseen horror (D:12)
  A kobold demonologist (D:12)
  3 tengu conjurers
  A komodo dragon (shapeshifter) (Vaults:5)
  48 yaktaurs
  5 polar bears
  3 hellwings (Pan)
  A harpy zombie (D:15)
  23 merfolk
  A red devil (Pan)
  A queen bee (D:6)
  9 wind drakes
  A queen bee (shapeshifter) (D:14)
  A tarantella (shapeshifter) (Depths:2)
  4 hornets
  4 trolls
  An ettin zombie (Depths:1)
  13 blink frogs
  3 spectral merfolk (Shoals:2)
  2 hornets (shapeshifter) (D:10)
  Grinder (D:5)
  9 dream sheep
  A glass eye (Slime:1)
  6 snapping turtles
  Prince Ribbit (Bailey)
  A raiju (shapeshifter) (D:10)
  A spectral manticore (Shoals:2)
  A stone giant simulacrum (Vaults:1)
  A spriggan zombie (Depths:1)
  15 water elementals
  2 wraiths
  2 air elementals (Elf:3)
  2 culicivoras
  113 slime creatures
  4 shadows
  3 wyverns
  4 ynoxinuls (Pan)
  A hog (shapeshifter) (Elf:2)
  48 yaks
  5 humans (Bailey)
  4 basilisks
  3 fire elementals
  2 unseen horror simulacra (D:9)
  2 hogs (Shoals:1)
  3 vampire mosquitoes (D:12)
  5 golden eyes (Slime:4)
  3 wargs
  5 fire bats (D:10)
  2 steam dragons
  An alligator snapping turtle simulacrum (Shoals:2)
  3 chaos spawn (Pan)
  40 nagas
  2 redbacks (Vaults:3)
  A merfolk simulacrum (Shoals:2)
  2 acid dragons
  A human simulacrum (Vaults:1)
  21 water moccasins
  A swamp drake (Orc:1)
  43 orc warriors
  2 sky beasts (D:10)
  7 hexers
  An ice beast (shapeshifter) (D:14)
  7 ice beasts
  A laughing skull (D:13)
  4 black bears
  A black bear (shapeshifter) (D:10)
  8 wolves
  18 ogres
  A boggart (shapeshifter) (D:13)
  9 centaurs
  A lemure (D:5)
  3 phantoms
  2 kobold brigands
  Blork the orc (Orc:1)
  A gnoll sergeant (D:7)
  22 bullfrogs
  4 scorpions
  11 wights
  15 killer bees
  2 manticore simulacra (Shoals:2)
  4 electric eels
  2 howler monkeys
  A bombardier beetle (D:3)
  A crimson imp (Orc:1)
  3 lava snakes (Lair:4)
  23 orc priests
  4 jellies
  2 gnoll boudas
  5 hounds
  An iron imp (Orc:1)
  2 sleepcaps
  An iguana (D:6)
  Natasha (thrice) (D:2)
  A scorpion zombie (D:3)
  22 orc wizards
  2 polar bear simulacra (Lair:3)
  Ijyb (D:3)
  A yak simulacrum (Lair:3)
  7 hell rats
  A wolf simulacrum (Lair:3)
  18 gnolls
  9 adders
  A river rat (Lair:3)
  A shadow imp (Orc:1)
  7 white imps
  An adder zombie (D:7)
  An adder skeleton (D:3)
  2 dart slugs
  3 ribbon worms
  105 orcs
  4 ball pythons
  10 bats
  7 endoplasms
  4 giant cockroaches
  14 goblins
  7 hobgoblins
  5 jackals
  11 kobolds
  2 quokkas (D:1)
  A ball python skeleton (D:3)
  7 frilled lizards
  2 jackal zombies (D:7)
  A quokka skeleton (D:3)
  10 rats
  4 river rat simulacra (Lair:3)
  A tentacle (Shoals:4)
2189 creatures vanquished.

Vanquished Creatures (collateral kills)
  A pandemonium lord (Pan)
  2 ancient liches
  A dread lich (Zot:5)
  4 orbs of fire (Zot:5)
  Mara (Vaults:4)
  3 Killer Klowns
  A curse toe (Zot:5)
  Saint Roka (Snake:2)
  A golden dragon (Depths:3)
  A doom hound (Depths:4)
  2 electric golems
  A lich (Depths:4)
  4 tentacled monstrosities
  6 Orb Guardians (Zot:5)
  A deep elf blademaster (Elf:2)
  2 quicksilver dragons
  10 acid blobs
  A deep elf master archer (Elf:3)
  A death cob (Zot:2)
  Kirke (Shoals:1)
  A tengu reaver (Vaults:3)
  Donald (Snake:4)
  A nagaraja (Snake:2)
  5 storm dragons
  7 rockslimes
  2 fire giants
  5 azure jellies
  A draconian shifter (Zot:5)
  2 deep elf sorcerers (Elf:3)
  A deep elf elementalist (Elf:3)
  2 ghost moths
  2 vault wardens (Vaults:2)
  A cacodemon (Pan)
  A draconian scorcher (Zot:2)
  A spriggan defender (Depths:3)
  6 quicksilver oozes
  2 draconian annihilators
  4 ironbound preservers
  3 green draconians
  2 deep elf death magi
  A vampire knight (Depths:4)
  A very ugly thing (Depths:1)
  An ironbound thunderhulk (Vaults:2)
  2 lorocyprocas (Pan)
  A deep elf demonologist (Vaults:3)
  A red draconian (Zot:5)
  A purple draconian (Zot:5)
  2 war gargoyles (Vaults:5)
  A yellow draconian (Zot:5)
  3 deep elf annihilators (Elf:3)
  3 ettins (Vaults:5)
  2 merfolk impalers
  A fire dragon (Depths:1)
  3 green deaths (Pan)
  An entropy weaver (Vaults:3)
  A deep elf high priest (Vaults:5)
  2 great orbs of eyes
  3 vault guards
  2 yaktaur captains (Vaults:4)
  A salamander tyrant (Snake:3)
  An ice dragon (Depths:2)
  A merfolk aquamancer (Shoals:1)
  A merfolk avatar (Shoals:3)
  4 centaur warriors
  A rakshasa (Depths:1)
  A spriggan air mage (Depths:3)
  4 hydras
  5 dancing weapons
  2 death yaks (Lair:3)
  A naga warrior (Snake:1)
  3 orc high priests (Orc:2)
  3 two-headed ogres
  2 boulder beetles
  2 spriggan berserkers
  A vampire mage (Depths:1)
  A naga sharpshooter (Snake:2)
  A hell knight (Depths:3)
  A soul eater (Pan)
  A skyshark (Shoals:1)
  2 sun demons
  2 shock serpents (Snake:2)
  4 deep elf knights
  A skeletal warrior (D:15)
  8 deep trolls
  A glowing orange brain (Slime:5)
  2 sea snakes
  A mana viper (Snake:2)
  2 ironbound convokers (Vaults:2)
  A naga ritualist (Snake:1)
  An arcanist (Vaults:4)
  A deep elf archer (Elf:2)
  5 deep elf pyromancers
  An orc knight (D:15)
  3 deep elf zephyrmancers
  3 ugly things
  6 harpies
  Maurice (Orc:2)
  A shining eye (Slime:1)
  3 fauns
  A moth of wrath (Zot:5)
  A manticore (D:15)
  A guardian serpent (Snake:3)
  5 salamanders
  A frost giant skeleton (Depths:1)
  4 elephants (Lair:5)
  A water nymph (Shoals:4)
  A naga mage (Snake:4)
  7 black mambas
  3 vault sentinels
  A torpor snail (Lair:5)
  2 cane toads
  3 orange demons (Pan)
  A large abomination (Pan)
  3 komodo dragons
  6 yaktaurs
  A red devil (Pan)
  2 blink frogs (Lair:1)
  A blink frog (shapeshifter) (D:13)
  A dream sheep (Shoals:4)
  2 snapping turtles
  A glass eye (Slime:3)
  31 slime creatures
  A fire bat (D:10)
  A human (Bailey)
  A ynoxinul (Pan)
  A wraith (D:9)
  2 water elementals
  8 yaks
  A neqoxec (Pan)
  A basilisk (Lair:2)
  3 vampire mosquitoes (D:12)
  2 chaos spawn (Pan)
  2 water moccasins
  6 orc warriors
  An ogre (Orc:2)
  2 wights
  A burial acolyte (D:7)
  A killer bee (D:6)
  A crimson imp (Pan)
  4 orc priests (Orc:2)
  2 orc wizards
  2 polar bear simulacra (Lair:3)
  A gnoll (D:7)
  A white imp (D:9)
  14 orcs
  A goblin (Bailey)
  A jackal zombie (D:7)
  A river rat simulacrum (Lair:3)
  A tentacle (Shoals:4)
356 creatures vanquished.

Vanquished Creatures (others)
  An Orb Guardian (Zot:5)
  A deep elf zephyrmancer (Elf:2)
  A harpy (Shoals:1)
  An orc sorcerer (Orc:2)
  A naga (Snake:3)
  76 hexers
  An ancestor (D:7)
  An orc (Orc:1)
  3 tentacles (Shoals:4)
86 creatures vanquished.

Grand Total: 2631 creatures vanquished

Notes
Turn   | Place    | Note
-------+----------+-------------------------------------------
     0 | D:1      | JaredAshtonScott the Vampire Warper began the quest for the
                  | Orb.
     0 | D:1      | Reached XP level 1. HP: 16/16 MP: 3/3
   113 | D:1      | Reached XP level 2. HP: 21/22 MP: 5/5
   266 | D:1      | Reached skill level 1 in Stealth
   404 | D:1      | Gained mutation: You are afflicted with vampirism and can
                  | become a bat while bloodless. [Vampire growth]
   404 | D:1      | Reached XP level 3. HP: 18/27 MP: 6/6
   423 | D:1      | You fall into a shaft and drop 1 floor!
   463 | D:2      | Reached skill level 2 in Stealth
   675 | D:2      | Reached XP level 4. HP: 33/33 MP: 7/7
   806 | D:2      | Reached skill level 3 in Stealth
   877 | D:2      | Noticed Natasha
   885 | D:2      | Killed Natasha
  1000 | D:2      | Noticed Natasha
  1006 | D:2      | Killed Natasha
  1007 | D:2      | Reached XP level 5. HP: 38/38 MP: 8/8
  1075 | D:2      | Noticed Natasha
  1083 | D:2      | Killed Natasha
  1084 | D:2      | Reached skill level 4 in Stealth
  1514 | D:2      | Learned a level 1 spell: Apportation
  1541 | D:1      | Gained mutation: You are clumsy. (Dex -2) [potion of
                  | mutation]
  1541 | D:1      | Gained mutation: Your flesh is heat resistant. (rF+)
                  | [potion of mutation]
  1742 | D:3      | Reached skill level 5 in Long Blades
  1842 | D:3      | Found a faded altar of an unknown god.
  1866 | D:3      | Reached XP level 6. HP: 44/44 MP: 9/9
  2005 | D:3      | Noticed Ijyb
  2032 | D:3      | Killed Ijyb
  2033 | D:3      | Reached skill level 5 in Stealth
  2615 | D:4      | Lost mutation: You are clumsy. (Dex -2) [potion of
                  | mutation]
  2615 | D:4      | Lost mutation: Your flesh is heat resistant. (rF+) [potion
                  | of mutation]
  2615 | D:4      | Gained mutation: You are strong-willed. (Will+) [potion of
                  | mutation]
  2615 | D:4      | Gained mutation: You have a pair of small horns on your
                  | head. [potion of mutation]
  2615 | D:4      | Gained mutation: You have a pair of horns on your head.
                  | [potion of mutation]
  2615 | D:4      | Gained mutation: Your flesh is cold resistant. (rC+)
                  | [potion of mutation]
  3021 | D:4      | Learned a level 2 spell: Blink
  3025 | D:4      | Learned a level 3 spell: Teleport Other
  3094 | D:5      | Entered Level 5 of the Dungeon
  3252 | D:5      | Noticed an ice beast
  3263 | D:5      | Killed an ice beast
  3275 | D:5      | Noticed Pikel
  3293 | D:5      | Reached skill level 6 in Stealth
  3304 | D:5      | Reached XP level 7. HP: 49/49 MP: 10/10
  3522 | D:5      | Reached skill level 7 in Stealth
  3839 | D:5      | Found a staircase to the Ecumenical Temple.
  3900 | Temple   | Entered the Ecumenical Temple
  3951 | Temple   | Became a worshipper of Hepliaklqana the Forgotten
  4091 | D:5      | Reached skill level 8 in Stealth
  4284 | D:5      | Reached XP level 8. HP: 33/55 MP: 11/11
  4380 | D:5      | Noticed Grinder
  4418 | D:5      | Killed Grinder
  4702 | D:5      | Killed Pikel
  4703 | D:5      | Reached skill level 9 in Stealth
  4720 | D:5      | Reached skill level 10 in Stealth
  5182 | D:6      | Reached XP level 9. HP: 40/60 MP: 12/12
  5204 | D:6      | Learned a level 4 spell: Manifold Assault
  5211 | D:6      | Noticed Maggie
  5232 | D:6      | Killed Maggie
  5233 | D:6      | Reached skill level 10 in Long Blades
  5391 | D:6      | Noticed a queen bee
  5395 | D:6      | Noticed KillerQueen's ghost (novice MiFi)
  5404 | D:6      | Found a transporter.
  5409 | D:6      | Found a transporter.
  6003 | D:7      | Reached * piety under Hepliaklqana
  6246 | D:7      | Found an iron altar of Okawaru.
  7106 | D:7      | Found an ancient bone altar of Kikubaaqudgha.
  7414 | D:8      | Reached ** piety under Hepliaklqana
  7415 | D:8      | Remembered your ancestor Anedjib as a hexer
  7464 | D:8      | Reached XP level 10. HP: 60/60 MP: 16/16
  7468 | D:8      | Found a staircase to the Lair.
  8011 | D:9      | Noticed a two-headed ogre
  8021 | D:9      | Killed a two-headed ogre
  8061 | D:9      | Found a flagged portal.
  8101 | Bailey   | Entered a bailey
  8116 | Bailey   | Reached skill level 5 in Spellcasting
  8130 | Bailey   | Reached skill level 5 in Translocations
  8275 | Bailey   | Noticed a vault guard
  8275 | Bailey   | Noticed Prince Ribbit
  8280 | Bailey   | Killed Prince Ribbit
  8285 | Bailey   | Killed a vault guard
  8286 | Bailey   | Reached XP level 11. HP: 64/64 MP: 18/20
  8328 | Bailey   | Noticed a vault guard
  8346 | Bailey   | Killed a vault guard
  8456 | D:9      | Noticed a boulder beetle
  8473 | D:9      | Killed a boulder beetle
  8595 | D:9      | Found a runed translucent gate.
  8595 | D:9      | Found a runed translucent gate.
  8595 | D:9      | Found a runed translucent gate.
  8702 | D:9      | Noticed a boulder beetle
  8717 | D:9      | Killed a boulder beetle
  8783 | D:9      | Noticed strontium90w's ghost (journeyman MiFi)
  8904 | D:9      | Found a shimmering blue altar of Sif Muna.
  9391 | D:9      | Noticed a wolf spider
  9396 | D:9      | Killed a wolf spider
  9667 | D:10     | Entered Level 10 of the Dungeon
  9987 | D:10     | Noticed Gastronok
 10011 | D:10     | Killed Gastronok
 10502 | D:10     | Reached *** piety under Hepliaklqana
 10986 | D:10     | Noticed a deep elf pyromancer
 10992 | D:10     | Killed a deep elf pyromancer
 10993 | D:10     | Reached XP level 12. HP: 57/70 MP: 3/24
 12435 | Lair:1   | Entered Level 1 of the Lair of Beasts
 13081 | Lair:1   | Reached skill level 1 in Shields
 13484 | Lair:1   | Reached skill level 11 in Stealth
 14151 | Lair:2   | Noticed a four-headed hydra
 14390 | D:11     | Found Wahunuc's Armour Shop.
 14398 | D:11     | Noticed a boulder beetle
 14410 | D:11     | Noticed an anaconda
 14412 | D:11     | Noticed an anaconda
 14412 | D:11     | Noticed an anaconda
 14413 | D:11     | Killed a boulder beetle
 14521 | D:11     | Found the +2 pair of slick slippers {slick, slippery, EV+4}
 14571 | D:11     | Found a runed translucent door.
 14571 | D:11     | Found a shimmering altar of Xom.
 14571 | D:11     | Noticed frustrationSimulator's ghost (journeyman TrFi)
 14590 | D:11     | Identified the +5 plate armour of Powerful Leaves {rF+}
 14736 | D:11     | Noticed a two-headed ogre
 14745 | D:11     | Killed a two-headed ogre
 15096 | D:11     | Reached **** piety under Hepliaklqana
 15097 | D:11     | Noticed Sonja
 15109 | D:11     | Killed Sonja
 15238 | D:11     | Found Vepniwk's Antique Weapon Emporium.
 15299 | D:11     | Reached XP level 13. HP: 73/77 MP: 2/26
 15449 | D:11     | Found Usegem's Assorted Antiques.
 15455 | D:11     | Bought a scroll labelled PUJABU UGIBI for 20 gold pieces
 15457 | D:11     | Acquired the +5 triple sword of the Usurping Viper {vamp,
                  | *Noise rElec rF+ rN++}
 15506 | D:11     | Found a runed translucent door.
 15544 | D:11     | Reached skill level 5 in Dodging
 15700 | D:11     | Found a staircase to the Orcish Mines.
 15832 | Orc:1    | Entered Level 1 of the Orcish Mines
 16058 | Orc:1    | Noticed Blork the orc
 16064 | Orc:1    | Killed Blork the orc
 16254 | Orc:1    | Identified the +2 hat "Ewugrem Aff" {*Corrode Dex+4}
 17008 | Orc:2    | Entered Level 2 of the Orcish Mines
 18050 | Orc:2    | Noticed Maurice
 18055 | Orc:2    | Killed Maurice
 18238 | Orc:2    | Identified the amulet "Tykheps" {Spirit +Blink Int+5 Dex-2}
 18390 | Orc:2    | Reached skill level 5 in Fighting
 18858 | Orc:2    | Reached skill level 15 in Long Blades
 19099 | Orc:2    | Found Ygedu's Antique Armour Boutique.
 19231 | Orc:2    | Found Kuesch's Book Shop.
 19807 | Orc:2    | Found a staircase to the Elven Halls.
 20188 | Orc:2    | Noticed an orc warlord
 20488 | Orc:2    | Killed an orc warlord
 21134 | Orc:2    | Found Cupiekon's Magic Scroll Boutique.
 21330 | Orc:2    | Found Ojur's Weapon Emporium.
 21668 | Lair:2   | Reached XP level 14. HP: 92/92 MP: 4/27
 21880 | Lair:2   | Reached ***** piety under Hepliaklqana
 22167 | Lair:2   | Found a transporter.
 22171 | Lair:2   | Noticed Dogchiho's ghost (journeyman MiFi)
 22391 | Lair:2   | Found a transporter.
 23292 | Lair:2   | Identified the +3 plate armour of Lugonu's Regard {rF-
                  | Str-4 Int+3 Dex+7}
 24556 | Lair:3   | Found a staircase to the Snake Pit.
 24666 | Lair:3   | Found a staircase to the Shoals.
 25693 | Lair:4   | Identified the ring of Liklemor {Will+ Dex+5}
 25739 | Lair:4   | Found a staircase to the Slime Pits.
 25740 | Lair:4   | Found a viscous altar of Jiyva.
 28148 | D:12     | Noticed Rupert
 28171 | D:12     | Killed Rupert
 28791 | D:12     | Reached XP level 15. HP: 103/103 MP: 4/28
 31122 | D:14     | Found a sparkling altar of Nemelex Xobeh.
 31916 | D:14     | Found a gate to the Vaults.
 32411 | D:15     | Entered Level 15 of the Dungeon
 32411 | D:15     | Reached ****** piety under Hepliaklqana
 34564 | D:15     | Reached XP level 16. HP: 105/108 MP: 10/29
 34853 | D:15     | Found a staircase to the Depths.
 35679 | D:11     | Killed frustrationSimulator's ghost
 35718 | D:11     | Identified the +11 falchion of the Lurker {antimagic, rN+}
 35853 | Lair:5   | Entered Level 5 of the Lair of Beasts
 36897 | Lair:5   | Identified the serpent talisman "Etirre Ximm" {rF+}
 36921 | Lair:5   | Found a runed translucent gate.
 37015 | Lair:5   | Found a runed translucent gate.
 37015 | Lair:5   | Found a runed translucent gate.
 37015 | Lair:5   | Noticed an acid blob
 37015 | Lair:5   | Noticed login18's ghost (journeyman TrMo)
 37015 | Lair:5   | Noticed an acid blob
 37015 | Lair:5   | Noticed an acid blob
 37016 | Lair:5   | Found a viscous altar of Jiyva.
 37368 | Lair:5   | Reached skill level 1 in Armour
 37855 | Lair:5   | Found the +3 crown of Dyrovepreva {rElec Int+2 SInv}
 37861 | Lair:5   | Identified the +10 halberd "Giantslayer" {heavy, Str+3
                  | Int+4 Stlth+}
 38074 | Shoals:1 | Entered Level 1 of the Shoals
 38080 | Shoals:1 | Reached skill level 1 in Invocations
 38214 | Shoals:1 | Identified the +0 scale mail of Usi Pogo {rF+ Dex+3}
 38354 | Shoals:1 | Noticed Mlioglotl
 38369 | Shoals:1 | Killed Mlioglotl
 38376 | Shoals:1 | Noticed Nikola
 38533 | Shoals:1 | Killed Nikola
 38667 | Shoals:1 | Reached skill level 12 in Stealth
 38971 | Orc:2    | Bought a scroll of teleportation for 45 gold pieces
 38971 | Orc:2    | Bought a scroll of enchant armour for 112 gold pieces
 38971 | Orc:2    | Bought 3 scrolls of fear for 180 gold pieces
 39280 | Shoals:1 | Reached skill level 10 in Spellcasting
 39345 | Shoals:1 | Reached skill level 10 in Fighting
 39664 | Shoals:1 | Noticed Kirke
 39674 | Shoals:1 | Killed Kirke
 40322 | Shoals:2 | Reached XP level 17. HP: 115/115 MP: 16/31
 40419 | Shoals:2 | Found a runed translucent gate.
 40586 | Shoals:2 | Found Huseria's Overcharged Wands.
 40773 | Shoals:2 | Found a runed translucent gate.
 40773 | Shoals:2 | Found a runed translucent gate.
 40773 | Shoals:2 | Noticed finalsalamander's ghost (adept HOMo)
 40899 | Shoals:2 | Noticed Jorgrun
 40959 | Shoals:2 | Killed Jorgrun
 40961 | Shoals:2 | Reached skill level 10 in Dodging
 41593 | Shoals:2 | Killed finalsalamander's ghost
 41732 | Shoals:2 | Identified the +0 cloak of Action {rPois rF- Str+2 Dex+5}
 41778 | Shoals:3 | Found a runed translucent door.
 41913 | Shoals:3 | Noticed Radamante's ghost (adept MiFi)
 41930 | Shoals:3 | Reached skill level 13 in Stealth
 43467 | Shoals:3 | Killed Radamante's ghost
 43825 | Shoals:4 | Entered Level 4 of the Shoals
 43986 | Shoals:4 | Noticed a kraken
 44436 | Shoals:4 | Killed a kraken
 44606 | Shoals:4 | Reached skill level 10 in Translocations
 44915 | Shoals:4 | Reached skill level 14 in Stealth
 45015 | Shoals:4 | Identified the +3 plate armour of Musinn {rC++ Int+4
                  | Stlth-}
 45123 | Shoals:4 | Identified the +4 great mace "Maoxaoph" {vamp, rN++ Str+6
                  | Dex-5}
 45341 | Shoals:4 | Reached skill level 5 in Invocations
 45663 | Shoals:4 | Identified the staff "Xohet" {rF+ Dex+3 Fire Ice}
 45745 | Shoals:4 | Noticed a sphinx
 45749 | Shoals:4 | Noticed a sphinx
 45751 | Shoals:4 | Killed a sphinx
 45752 | Shoals:4 | Reached skill level 5 in Armour
 45752 | Shoals:4 | Reached skill level 1 in Shapeshifting
 45776 | Shoals:4 | Reached XP level 18. HP: 124/124 MP: 7/32
 46069 | Shoals:4 | Got a barnacled rune of Zot
 46288 | Snake:1  | Entered Level 1 of the Snake Pit
 47202 | Snake:1  | Got Ilubakan's Opusculum on Generation
 47890 | Snake:2  | Reached skill level 15 in Stealth
 48417 | Snake:2  | Found a sacrificial altar of Ru.
 48514 | Snake:2  | Noticed Saint Roka
 48527 | Snake:2  | Killed Saint Roka
 50568 | Snake:3  | Reached skill level 16 in Stealth
 50665 | Snake:3  | Identified the +6 scale mail "Lampigeid" {Int+3}
 50806 | Snake:3  | Noticed Agnes
 50812 | Snake:3  | Killed Agnes
 51593 | Snake:4  | Entered Level 4 of the Snake Pit
 52658 | Snake:4  | Reached skill level 5 in Shapeshifting
 52681 | Snake:4  | Reached XP level 19. HP: 131/131 MP: 4/33
 52759 | Snake:4  | Noticed Donald
 52770 | Snake:4  | Killed Donald
 53044 | Snake:4  | Noticed Vashnia
 53824 | Snake:4  | Killed Vashnia
 53952 | Snake:4  | Got a serpentine rune of Zot
 55014 | Lair:2   | Killed Dogchiho's ghost
 55018 | Lair:2   | Identified the +1 pair of gloves of Time Monsters {rC++
                  | Int+5}
 55278 | D:6      | Killed KillerQueen's ghost
 55976 | D:9      | Killed strontium90w's ghost
 56213 | Vaults:1 | Entered Level 1 of the Vaults
 56611 | Vaults:1 | Reached skill level 10 in Shapeshifting
 57984 | Vaults:2 | Found Kepoawnyo's Distillery.
 57990 | Vaults:2 | Bought a potion of curing for 48 gold pieces
 57990 | Vaults:2 | Bought a potion of curing for 48 gold pieces
 57990 | Vaults:2 | Bought a potion of heal wounds for 80 gold pieces
 58767 | Vaults:2 | Paralysed by a formless jellyfish for 1 turns
 58871 | Vaults:2 | Reached XP level 20. HP: 137/137 MP: 8/34
 59220 | Vaults:2 | Noticed Asterion
 59233 | Vaults:2 | Killed Asterion
 60013 | Vaults:2 | Reached skill level 15 in Shapeshifting
 61002 | Vaults:3 | Found a staircase to the Crypt.
 63558 | Vaults:4 | Identified the ring of Uhuablom {rN+ Int+6}
 63766 | Vaults:4 | Noticed Xtahua
 63804 | Vaults:4 | Killed Xtahua
 63805 | Vaults:4 | Reached XP level 21. HP: 143/143 MP: 2/35
 64064 | Vaults:4 | Noticed Mara
 64071 | Vaults:4 | Noticed JaredAshtonScott's illusion
 64071 | Vaults:4 | Killed Mara
 64352 | Vaults:4 | Found a runed translucent door.
 64352 | Vaults:4 | Noticed theMacoje's ghost (adept OnEn)
 64377 | Vaults:4 | Killed theMacoje's ghost
 64520 | Vaults:4 | Found Faempel's Distillery.
 64529 | Vaults:4 | Bought a potion of curing for 57 gold pieces
 64529 | Vaults:4 | Bought a potion of curing for 57 gold pieces
 64529 | Vaults:4 | Bought a potion of mutation for 152 gold pieces
 65452 | Elf:1    | Entered Level 1 of the Elven Halls
 65625 | Elf:1    | HP: 3/143 [+4 dire flail of holy wrath (13)]
 66664 | Elf:1    | Found an ancient bone altar of Kikubaaqudgha.
 67056 | Elf:1    | Identified the +0 falchion of Ceuvou Xezxi {freeze, *Noise
                  | rC+ SInv}
 67719 | Vaults:5 | Entered Level 5 of the Vaults
 68475 | Vaults:5 | Noticed a dread lich
 68499 | Vaults:5 | Killed a dread lich
 68844 | Vaults:5 | Noticed an ancient lich
 68942 | Vaults:5 | Reached XP level 22. HP: 67/148 MP: 10/36
 69160 | Vaults:5 | Identified the ring "Ofriasos" {+Blink AC+4}
 69486 | Vaults:5 | Identified the +9 hand axe of the Equinox {speed, Fly rC-
                  | MP+9 Stlth+}
 69718 | Vaults:5 | Identified the +8 chain mail of the Furrier {rCorr Str+3
                  | Dex+3}
 70357 | Vaults:5 | Killed an ancient lich
 70603 | Vaults:5 | Found Zusodawe's General Store.
 70613 | Vaults:5 | Got a silver rune of Zot
 71939 | Elf:2    | Found a runed translucent gate.
 71939 | Elf:2    | Found a runed translucent gate.
 71962 | Elf:2    | Found a runed translucent gate.
 72510 | Elf:2    | Found a portal to a secret trove of treasure.
 72906 | Elf:2    | Reached skill level 17 in Stealth
 73297 | Elf:3    | Entered Level 3 of the Elven Halls
 73424 | Elf:3    | Found a runed translucent gate.
 73424 | Elf:3    | Found a runed translucent gate.
 73424 | Elf:3    | Found a runed translucent gate.
 73691 | Elf:3    | Paralysed by an air elemental for 1 turns
 74169 | Elf:3    | Identified the +4 war axe "Hurohym" {pain, Will++ Str+3
                  | Int+3 Stlth+}
 74423 | Elf:3    | Found Beriud's Antique Weapon Shoppe.
 74678 | Elf:3    | Identified the +7 rapier of Wondrous Power {antimagic,
                  | rPois}
 74709 | Elf:3    | Identified the +7 arbalest "Igratel" {elec, Str+2 Stlth+}
 74902 | Elf:3    | Identified the +0 scale mail of Sin {rC+ Int+3}
 74907 | Elf:3    | Identified the +11 dagger "Plog" {holy, +Blink Str+3 SInv}
 74940 | Elf:3    | Reached XP level 23. HP: 61/155 MP: 4/37
 75165 | Elf:3    | Identified the ring of Koz Paed {rElec rPois rC+ Int+6}
 75273 | Elf:3    | Identified the +1 scale mail of the Fiddle {Stlth+}
 75299 | Elf:3    | Identified the +4 scimitar "Myjunal" {venom, Str+3 Int+3
                  | SInv}
 75594 | Elf:3    | Found the +8 storm bow {elec, penet}
 75627 | Elf:3    | Got the Volume of the Ageless Xalams
 75710 | Elf:3    | Got Dispater's Discursus on the Caves
 75887 | Elf:3    | Reached skill level 18 in Stealth
 76165 | Elf:3    | Learned a level 8 spell: Disjunction
 76526 | Depths:1 | Entered Level 1 of the Depths
 76560 | Depths:1 | Found a gateway to Hell.
 76849 | Depths:1 | Found Warr's Book Boutique.
 76900 | Depths:1 | Found Tuakhlaich's Assorted Antiques.
 76908 | Depths:1 | Bought a potion of heal wounds for 155 gold pieces
 77313 | Depths:1 | Found an ornate altar of the Wu Jian Council.
 78694 | Depths:2 | Found a radiant altar of Vehumet.
 78695 | Depths:2 | Found a hazy altar of Hepliaklqana.
 78695 | Depths:2 | Found a shimmering altar of Xom.
 78695 | Depths:2 | Found a shimmering altar of Xom.
 79472 | Depths:2 | Found a one-way gate leading to the halls of Pandemonium.
 79583 | Depths:2 | Found a one-way gate to the infinite horrors of the Abyss.
 79830 | Depths:3 | Noticed Jory
 79994 | Depths:3 | Reached skill level 19 in Stealth
 80015 | Depths:3 | Killed Jory
 80428 | Depths:3 | Noticed Sojobo
 80833 | Depths:3 | Noticed a caustic shrike
 80849 | Depths:3 | Killed a caustic shrike
 81405 | Depths:3 | Reached XP level 24. HP: 165/165 MP: 12/37
 82022 | Depths:3 | Noticed Vv
 82293 | Depths:3 | Killed Sojobo
 82307 | Depths:3 | Noticed Parghit
 82830 | Depths:3 | Killed Vv
 82883 | Depths:4 | Entered Level 4 of the Depths
 82904 | Depths:4 | Found a flickering gateway to a bazaar.
 82916 | Bazaar   | Entered a bazaar
 82941 | Bazaar   | Found Yxkyajuts's Antique Weapon Shop.
 82949 | Bazaar   | Found Xemudair's Antique Armour Shoppe.
 82963 | Bazaar   | Found Sokhoth's General Store.
 82992 | Bazaar   | Found Tuteitt's General Store.
 83000 | Bazaar   | Bought a scroll of teleportation for 42 gold pieces
 83000 | Bazaar   | Bought a scroll of teleportation for 42 gold pieces
 83000 | Bazaar   | Bought a scroll of teleportation for 42 gold pieces
 83037 | Bazaar   | Bought a jewelled chain mail for 180 gold pieces
 83037 | Bazaar   | Identified the +8 chain mail "Ufydodd" {rElec Str+2} (You
                  | bought it in a shop in a bazaar)
 83216 | Depths:4 | Reached skill level 10 in Invocations
 83446 | Depths:4 | Reached skill level 15 in Dodging
 83491 | Depths:4 | Found a gate to the Realm of Zot.
 83636 | Depths:4 | Reached skill level 20 in Stealth
 83790 | Depths:4 | Found a one-way gateway to a ziggurat.
 83861 | Depths:4 | Noticed Grunn
 83872 | Depths:4 | Killed Grunn
 83964 | Depths:4 | Found Rskupn's Retail Resort.
 83994 | Depths:4 | Got Sif Muna's Treatise on the Sky and Geomancy
 84271 | Depths:4 | Found a snail-covered altar of Cheibriados.
 84580 | Zot:1    | Entered Level 1 of the Realm of Zot
 84636 | Zot:1    | Found a transporter.
 85131 | Zot:1    | Reached skill level 10 in Armour
 85389 | Zot:1    | Found a transporter.
 85390 | Zot:1    | Noticed a Killer Klown
 85532 | Zot:1    | Found a transporter.
 85678 | Zot:1    | Found a transporter.
 86441 | Zot:2    | Noticed an orb of fire
 86611 | Zot:2    | Killed an orb of fire
 88019 | Zot:2    | Reached skill level 21 in Stealth
 88914 | Zot:3    | Noticed a Killer Klown
 88925 | Zot:3    | Killed a Killer Klown
 89190 | Zot:3    | Reached XP level 25. HP: 173/173 MP: 37/37
 89249 | Zot:3    | Noticed a Killer Klown
 89251 | Zot:3    | Noticed a Killer Klown
 89370 | Zot:3    | Killed a Killer Klown
 89571 | Zot:3    | Identified the +6 chain mail of the Unseen Realm {rF+ SInv}
 89728 | Zot:3    | Killed a Killer Klown
 90894 | Zot:4    | Found a shimmering altar of Xom.
 91460 | Zot:5    | Entered Level 5 of the Realm of Zot
 91512 | Zot:5    | Reached skill level 15 in Fighting
 91772 | Zot:5    | Reached skill level 22 in Stealth
 92232 | Zot:5    | Noticed an ancient lich
 92257 | Zot:5    | Noticed an orb of fire
 92277 | Zot:5    | Killed an orb of fire
 92342 | Zot:5    | Noticed an orb of fire
 92343 | Zot:5    | Gained mutation: You are weak. (Str -2) [an orb of fire]
 92658 | Zot:5    | Killed an orb of fire
 92988 | Zot:5    | Killed an ancient lich
 92989 | Zot:5    | Reached skill level 15 in Translocations
 93225 | Zot:5    | Noticed an ancient lich
 93233 | Zot:5    | Killed an ancient lich
 93349 | Zot:5    | Noticed an orb of fire
 93386 | Zot:5    | Killed an orb of fire
 93594 | Zot:5    | Noticed an orb of fire
 93789 | Zot:5    | Noticed a Killer Klown
 93869 | Zot:5    | Killed a Killer Klown
 93965 | Zot:5    | Noticed a Killer Klown
 93981 | Zot:5    | Killed a Killer Klown
 94579 | Zot:5    | Noticed an orb of fire
 94584 | Zot:5    | Noticed an orb of fire
 94594 | Zot:5    | Gained mutation: You are clumsy. (Dex -2) [an orb of fire]
 94597 | Zot:5    | Gained mutation: You are frail. (-10% HP) [an orb of fire]
 94777 | Zot:5    | Gained mutation: You are very clumsy. (Dex -4) [an orb of
                  | fire]
 94783 | Zot:5    | Killed an orb of fire
 94880 | Zot:5    | Noticed a Killer Klown
 94928 | Zot:5    | Killed a Killer Klown
 94929 | Zot:5    | Reached XP level 26. HP: 137/161 MP: 20/37
 95097 | Zot:5    | Noticed a dread lich
 95107 | Zot:5    | Killed a dread lich
 95154 | Zot:5    | Noticed an orb of fire
 95162 | Zot:5    | Gained mutation: Armour fits poorly on your strangely
                  | shaped body. [an orb of fire]
 95164 | Zot:5    | Gained mutation: Your magical capacity is low. (-10% MP)
                  | [an orb of fire]
 95166 | Zot:5    | Killed an orb of fire
 95205 | Zot:5    | Noticed an orb of fire
 95217 | Zot:5    | Killed an orb of fire
 95218 | Zot:5    | Reached skill level 23 in Stealth
 95579 | Zot:5    | Gained mutation: You are dopey. (Int -2) [an orb of fire]
 95581 | Zot:5    | Gained mutation: You are vulnerable to heat. (rF-) [an orb
                  | of fire]
 95582 | Zot:5    | Gained mutation: Your body sometimes deteriorates upon
                  | taking damage. [an orb of fire]
 95590 | Zot:5    | Killed an orb of fire
 96235 | Slime:1  | Entered Level 1 of the Pits of Slime
 99443 | Slime:5  | Entered Level 5 of the Pits of Slime
100369 | Slime:4  | Paralysed by a formless jellyfish for 1 turns
100515 | Slime:5  | Noticed the Royal Jelly
102286 | Slime:5  | Found a viscous altar of Jiyva.
104043 | Pan      | Entered Pandemonium
104046 | Pan      | Reached skill level 24 in Stealth
104539 | Pan      | Lost mutation: You have a pair of horns on your head.
                  | [potion of mutation]
104539 | Pan      | Lost mutation: You are frail. (-10% HP) [potion of
                  | mutation]
104539 | Pan      | Lost mutation: Your body sometimes deteriorates upon taking
                  | damage. [potion of mutation]
104540 | Pan      | Lost mutation: You are strong-willed. (Will+) [potion of
                  | mutation]
104540 | Pan      | Lost mutation: Armour fits poorly on your strangely shaped
                  | body. [potion of mutation]
104540 | Pan      | Lost mutation: You are very clumsy. (Dex -4) [potion of
                  | mutation]
104541 | Pan      | Lost mutation: You are weak. (Str -2) [potion of mutation]
104541 | Pan      | Lost mutation: Your magical capacity is low. (-10% MP)
                  | [potion of mutation]
104541 | Pan      | Gained mutation: Your health recovers twice as slowly from
                  | being drained. [potion of mutation]
104541 | Pan      | Lost mutation: You are clumsy. (Dex -2) [potion of
                  | mutation]
104814 | Pan      | Gained mutation: Your body sometimes deteriorates upon
                  | taking damage. [a cacodemon]
104890 | Pan      | Noticed Vomup the pandemonium lord
104912 | Pan      | Killed Vomup the pandemonium lord
105065 | Pan      | Noticed Lagam the pandemonium lord
105075 | Pan      | HP: 4/185 [burnt (8)]
105076 | Pan      | Incinerated by a smoke demon

Illustrated notes

Levels and vault maps discovered:
D:1:      dpeg_arrival_brainrot, layout_rooms, st_stairs_3
D:2:      layout_basic, minmay_vboxes, uniq_natasha
D:3:      layout_loops_ring, serial_undead, serial_undead_e, serial_undead_a,
          serial_undead_f, serial_undead_d,
          hellmonk_ecumenical_altar_slurped_away,
          chequers_serial_rivers_micro_b, uniq_ijyb
D:4:      layout_loops_ring, amethyst_killhole, minmay_misc_feat_x,
          kennysheep_generic_room_12
D:5:      kennysheep_six_static_rooms, layout_layer_cave,
          lemuel_temple_firewalk_b, kennysheep_generic_room_4, uniq_pikel,
          uniq_grinder
D:6:      layout_loops_ring, gammafunk_ghost_hive,
          minmay_misc_feat_four_crosses, lemuel_flame_loot_1, uniq_maggie
D:7:      layout_layer_cave, mainiacjoe_overflow_tiny_flanked,
          lemuel_zombie_altar_kikubaaqudgha
D:8:      layout_basic, lair_entry_dummy
D:9:      layout_roguey, gammafunk_temple_overflow_wave, gammafunk_ghost_icy,
          enter_bailey_3, minmay_three_doors
D:10:     dpeg_index_elf_rogue_hall, layout_basic, uniq_gastronok
D:11:     layout_roguey, david_orc_4, ebering_ghost_xom, serial_shops,
          nicolae_shop_dealshenge, nicolae_shop_statue_plus, nicolae_shop_stone,
          nicolae_guarded_unrand_slippers, uniq_sonja
D:12:     layout_basic, st_stairs_5, uniq_rupert
D:13:     minmay_dotted_concentric_squares, layout_long_grid, lightli_minifort
D:14:     layout_stronghold, lightli_vaults_fourway_checkpoint,
          nemelex_lonely_heart_becter
D:15:     grunt_enter_depths_magical_seal, layout_loops_ring,
          chequers_serial_rivers_small_3, grunt_decor_junction,
          grunt_ministairs_8
Temple:   dpeg_five_rooms_temple
Lair:1:   layout_regular_city, basic_altar
Lair:2:   nzn_winding_woodlands_stair_cross [nzn_winding_woodlands_5x15_crooked,
          nzn_winding_woodlands_center_diamonds,
          nzn_winding_woodlands_5x15_jagged,
          nzn_winding_woodlands_5x5_closed_star,
          nzn_winding_woodlands_5x5_three, nzn_winding_woodlands_5x15_longhouse,
          nzn_winding_woodlands_center_lodge, nzn_winding_woodlands_5x15_eye],
          layout_chaotic_city, gammafunk_ghost_berserking_beasts
Lair:3:   layout_hall_layers, elwin_shoals_entry_rocks,
          minmay_snake_entry_guardpost_small, eino_house_with_fridge,
          serial_bayou_shore_b, grunt_megastairs_1, serial_bayou_shore_b
Lair:4:   layout_regular_city, minmay_slime_entry_pillars, disabler_island,
          serial_bayou_shore_a
Lair:5:   grunt_lair_end_beastmaster, layout_long_grid, gammafunk_ghost_ooze
Shoals:1: layout_shoals, uniq_kirke, uniq_mlioglotl, uniq_nikola
Shoals:2: layout_shoals, gammafunk_ghost_necromancy,
          nicolae_shoals_nautilus_by_nature, nicolae_shop_overcharged_wands,
          uniq_jorgrun
Shoals:3: layout_shoals, hellmonk_ghost_happy_afterlife
Shoals:4: shoals_end_hellmonk_lost_city
Snake:1:  layout_gridlike
Snake:2:  layout_chambers, basic_altar, st_stairs_9, grunt_ministairs_15,
          nicolae_triple_integral, uniq_saint_roka
Snake:3:  layout_onion, grunt_megastairs_2, uniq_agnes
Snake:4:  snake_pit, layout_basic, nicolae_snake_gridmaze_big_u,
          nicolae_snake_gridmaze_spiral, uniq_donald, uniq_vashnia
Slime:1:  layout_caves
Slime:2:  layout_caves, cheibrodos_slime_lost_civilization_6
Slime:3:  layout_caves
Slime:4:  layout_caves
Slime:5:  slime_pit_nicolae_royal_road_to_ruin
Orc:1:    layout_diamond_mine, hangedman_minor_magic
Orc:2:    pubby_orc_utopia, uniq_maurice
Elf:1:    layout_loops_corners, basic_altar, minmay_elf_demonology,
          hangedman_elven_crosses_minicolossus
Elf:2:    elven_hall_of_blades_hangedman_original [grunt_blade_entry_basic],
          layout_gridlike, nicolae_trove_entry_columns
Elf:3:    minmay_elf_hall_not_hex, layout_gridlike, serial_shops, shop,
          nicolae_gammafunk_elf_defective_weapons_storage
Vaults:1: v_misc_10, vaults_room_pool, v_alt_pattern_3,
          nicolae_vaults_closet_pinwheel_5, nicolae_vaults_little_guard_posts,
          nicolae_vaults_more_shelving_2, serial_ice_h, layout_vaults_quadrants
Vaults:2: nicolae_vaults_little_ls, vaults_mumra_hexcomb, v_misc_1,
          nicolae_vaults_network_periphery, v_misc_22,
          ontoclasm_vaults_ring_large, nicolae_vaults_hexular_roomagon,
          nicolae_vaults_ring_of_whatevers, nicolae_vaults_closet_pinwheel_4,
          vaults_mumra_bighexcomb, ontoclasm_vaults_idyll,
          vaults_room_door_ring, v_rooms_5, nicolae_vaults_closet_pinwheel_5,
          layout_vaults_omnibox, serial_shops, shop, uniq_asterion
Vaults:3: minmay_crypt_entry_simple_sparse, vaults_room_pool,
          serial_library_hellmonk_open_cross, nicolae_vaults_network_s,
          v_misc_27, ontoclasm_vaults_hangar, grunt_vaults_diagonal,
          hangedman_vaults_maws, ontoclasm_vaults_eye,
          nicolae_vaults_diffraction_hallways, nicolae_vaults_surprise_closet,
          layout_vaults_omnicross
Vaults:4: gammafunk_ghost_grave, nicolae_vaults_lightning_bolt,
          nicolae_vaults_little_squares_3, nicolae_vaults_quartermaster,
          nicolae_vaults_sesquioval_fish, v_misc_26, hangedman_vaults_nodes,
          nicolae_vaults_yaktaur_gun_rack, nicolae_vaults_heist,
          hangedman_vaults_trim, nicolae_vaults_house_2, layout_vaults_ring,
          serial_shops, nicolae_shop_industrial_runoff, uniq_mara, uniq_xtahua
Vaults:5
Depths:1: layout_cave_shapes, nicolae_wu_jian_immortal_techniques,
          hangedman_geh_valley, zin_statuary, minmay_shop_star,
          serial_bayou_shore_b, firewood_loft, serial_bayou_shore_b
Depths:2: minmay_the_grid_octo_tiled_octocenter [minmay_the_grid_octo_odd_swirl,
          minmay_the_grid_octo_shrine, minmay_the_grid_octo_clover,
          minmay_the_grid_octo_tetromino_candy,
          minmay_the_grid_octo_prize_single_spiral,
          minmay_the_grid_square_5x5_almost_minimal,
          minmay_the_grid_square_5x5_hollow_slash,
          minmay_the_grid_square_5x5_comb,
          minmay_the_grid_square_5x5_two_walls_b], layout_honeycomb,
          abyss_entry_glasseish, hell_entry, patterned_corridor,
          rand_demon_pan_entry_1
Depths:3: minmay_tile_spiral, layout_honeycomb, abyss_entry, grunt_metal_band,
          chequers_hall_statues_wall_a, infiniplex_staircase_pool_2, uniq_jory,
          uniq_margery, uniq_vv, uniq_sojobo, uniq_parghit
Depths:4: evilmike_zot_entry_round, layout_gridlike, enter_ziggurat_e,
          serial_shops, bzr_entry_gold, pf_hell_entry_tar_spiral, pan_entry,
          abyss_entry, cheibriados_altar_1, nicolae_alphabet_shops, uniq_grunn
Zot:1:    gammafunk_sealed_arena, layout_concentric_octagons,
          nicolae_diode_stairs
Zot:2:    layout_basic, hangedman_zot_decor_slant
Zot:3:    grunt_zot_stairs_faceoff, layout_twisted_circle,
          regret_index_zotdec_barnacled_simple, drop_trap
Zot:4:    layout_misc_corridors, regret_index_zot_stipple_split,
          regret_index_zotdec_silver_v_v_loose,
          regret_index_zotdec_stipple_waver, grunt_megastairs_4
Zot:5:    layout_cathedral_of_symmetry
Pan:      grunt_pan_pentagram, layout_gridville, uniq_mennas_pan,
          evilmike_mini_pan_corridor, layout_gridlike, special_room
          [special_room_demon_pit], gammafunk_its_a_trap, layout_rooms,
          pan_blood_fountain, pan_blood_fountain_small, evilmike_mini_pan_V,
          layout_rooms, pan_blood_fountain_2, grunt_pan_zigzag, layout_gridlike

Skill      XL: |  1  2  3  4  5  6  7  8  9 10 11 12 13 14 15 16 17 18 19 20 21 22 23 24 25 26 |
---------------+-------------------------------------------------------------------------------+-----
Stealth        | 1 2 3 4 6 8 10 11 12 14 16 17 19 21 22 24 | 24.4
Long Blades    | 3 4 5 6 7 9 11 13 14 15 17 20 22 | 22.0
Translocations | 4 5 7 9 10 11 13 14 15 | 15.8
Spellcasting   | 4 6 8 9 10 | 10.0
Fighting       | 3 7 9 10 11 12 13 14 15 16 | 16.5
Dodging        | 4 7 9 11 12 13 14 15 17 18 | 18.3
Shields        | 2 |  2.6
Armour         | 2 5 6 7 9 10 11 12 | 12.9
Invocations    | 2 5 7 8 9 11 12 13 | 13.5
Shapeshifting  | 1 5 13 18 21 23 | 23.0
Throwing       | |  0.7

Action                     |  1- 3 |  4- 6 |  7- 9 | 10-12 | 13-15 | 16-18 | 19-21 | 22-24 | 25-27 || total
---------------------------+-------+-------+-------+-------+-------+-------+-------+-------+-------++-------
  Melee: Falchion          |   136 |   225 |   415 |   692 |       |       |       |       |       ||  1468
         Bite              |    11 |    27 |    49 |    56 |    50 |    51 |    74 |   125 |   123 ||   566
         Headbutt          |       |     6 |    77 |   138 |    90 |    93 |   136 |   230 |   235 ||  1005
         Punch             |       |     2 |     9 |     7 |       |       |       |       |       ||    18
         Triple sword      |       |       |       |       |  1358 |  1727 |  1946 |  2134 |  2063 ||  9228
         Scimitar          |       |       |       |       |    25 |     5 |       |       |       ||    30
  Throw: Dart              |       |     2 |       |       |       |       |       |       |       ||     2
   Cast: Apportation       |       |     1 |       |       |       |       |       |       |       ||     1
         Blink             |       |       |     2 |       |       |       |       |       |       ||     2
         Manifold Assault  |       |       |       |   156 |   569 |   937 |   913 |   849 |   717 ||  4141
 Invoke: Ancestor Life: He |       |       |     1 |       |       |       |       |       |       ||     1
         Recall Ancestor   |       |       |       |       |     1 |     1 |     1 |       |     4 ||     7
         Idealise          |       |       |       |       |       |       |     2 |     1 |     4 ||     7
  Evoke: Wand              |       |       |       |     7 |     1 |       |       |       |     2 ||    10
    Use: Potion            |     1 |     2 |     2 |     1 |     2 |     3 |     5 |     7 |    34 ||    57
         Scroll            |     3 |     7 |     6 |    13 |     8 |     8 |     6 |     6 |    20 ||    77
   Stab: Sleeping          |     2 |    15 |    10 |     3 |     4 |       |     2 |     2 |     3 ||    41
         Distracted        |       |     1 |     4 |     5 |     7 |    19 |    10 |    18 |    24 ||    88
         Confused          |       |       |       |    15 |    19 |     5 |    18 |    36 |    25 ||   118
         Invisible         |       |       |       |       |     3 |       |       |       |       ||     3
         Paralysed         |       |       |       |       |     8 |    26 |    30 |    38 |    20 ||   122
         Petrified         |       |       |       |       |       |     1 |       |       |       ||     1
 Armour: Leather armour    |    89 |   110 |   246 |   192 |   282 |   221 |       |       |       ||  1140
         Skin              |       |       |    17 |       |       |       |       |       |       ||    17
         Swamp dragon scal |       |       |       |       |       |    95 |   387 |   480 |   450 ||  1412
         Chain mail        |       |       |       |       |       |       |       |       |   180 ||   180
  Dodge: Dodged            |    92 |   127 |   282 |   349 |   392 |   583 |   525 |   611 |   791 ||  3752
         Repelled          |       |       |       |     1 |     7 |    20 |    17 |    30 |    42 ||   117
  Block: Other             |       |       |       |     9 |    29 |       |       |       |       ||    38
         Reflection        |       |       |       |     1 |     3 |       |       |       |       ||     4
   Form: Beast             |       |     1 |       |       |       |       |       |       |       ||     1
                           |       |       |     1 |       |       |       |       |     2 |       ||     3
         Storm             |       |       |       |       |       |       |       |     1 |       ||     1
         Dragon            |       |       |       |       |       |       |       |     1 |       ||     1
